 Dungeon Crawl Stone Soup version 0.24-a0-459-g225fefd530 (webtiles) character file.

Game seed: 15699711439616938084

93 Mrkan the Ruffian (level 4, 0/39 (40) HPs)
             Began as a Ghoul Monk on June 27, 2019.
             Slain by Sigmund
             ... wielding a +0 scythe
              (11 damage)
             ... on level 3 of the Dungeon.
             The game lasted 00:04:52 (2031 turns).

Mrkan the Ruffian (Ghoul Monk)                      Turns: 2031, Time: 00:04:53

HP:   0/39 (40)     AC:  3    Str: 15    XL:     4   Next: 61%
MP:   3/3           EV: 12    Int:  5    God:
Gold: 48            SH:  3    Dex: 11    Spells: 3/3 levels left

rFire    + . .     SeeInvis .     - Unarmed
rCold    + . .     Gourm    .   d - +0 buckler
rNeg     + + +     Faith    .   a - +0 robe
rPois    ∞         Spirit   .   (no helmet)
rElec    .         Reflect  .   r - +0 cloak
rCorr    .         Harm     .   (no gloves)
MR       .....                  (no boots)
Stlth    ++........             (no amulet)
HPRegen  0.00/turn              l - ring of protection from fire
MPRegen  0.08/turn              (no ring)

@: rotting
A: rotting body, claws 1, carnivore, cold resistance 1, negative energy
resistance 3, inhibited regeneration, torment resistance, unbreathing
a: no special abilities


You were on level 3 of the Dungeon.
You were not hungry.

You visited 1 branch of the dungeon, and saw 3 of its levels.

You collected 48 gold pieces.

Inventory:

Hand Weapons
 u - a +0 morningstar
Missiles
 h - 89 stones (quivered)
 j - 5 javelins
 o - 3 boomerangs
 s - 20 bolts
Armour
 a - a +0 robe (worn)
 d - a +0 buckler (worn)
 r - a +0 cloak (worn)
Jewellery
 l - a ring of protection from fire (left claw)
Scrolls
 f - 4 scrolls of identify
 g - a scroll of amnesia {unknown}
 p - a scroll of teleportation {unknown}
 q - a scroll of random uselessness {unknown}
Potions
 c - 3 potions of curing
 e - a potion of haste {unknown}
 i - a potion of heal wounds {unknown}
 k - 3 potions of lignification {unknown}
 m - 2 potions of magic {unknown}
 n - a potion of cancellation {unknown}
Comestibles
 b - 3 rations
 t - 4 chunks of flesh


   Skills:
 + Level 4.0 Fighting
 - Level 2.6 Dodging
 - Level 2.1 Stealth
 + Level 1.5 Shields
 * Level 4.7 Unarmed Combat


You had 3 spell levels left.
You didn't know any spells.
Your spell library was empty.

Dungeon Overview and Level Annotations

Branches:
Dungeon (3/15)

Altars:

Annotations:
D:3 Sigmund


Innate Abilities, Weirdness & Mutations

Your body is rotting away.
You thrive on raw meat.
You are immune to poison.
You have sharp fingernails.
You are carnivorous and can eat meat at any time.
Your flesh is cold resistant. (rC+)
You are immune to negative energy. (rN+++)
You do not regenerate when monsters are visible.
You are immune to unholy pain and torment.
You can survive without breathing.


Message History

You block the kobold's attack.
You scratch the kobold.
You kill the kobold!
A hobgoblin comes into view. It is wielding a +0 great sword.
The hobgoblin shouts!
You hear a shout! x2
You block the hobgoblin's attack.
You closely miss the hobgoblin.
A kobold comes into view. It is wielding a +0 short sword.
You claw the hobgoblin!
You kill the hobgoblin!
Sigmund the Dreaded comes into view.
He is wielding a +0 scythe.
Things that are here:
a +0 great sword; 32 stones
Okay, then.
Sorry, you're not good enough to have a special ability.
Sigmund hits you with a +0 scythe!
* * * LOW HITPOINT WARNING * * *
You closely miss Sigmund. The kobold hits you but does no damage.
You barely miss Sigmund. Sigmund hits you with a +0 scythe!
You die...

#.# ### #.# #.. #.#
#.# ## #.# #.# #.
###.###.########<
#.####............)..#
#....(........#######.
######)#.###.## #.
#.@@.#.# #.# ..
#.##K..# #.# #.. #
#.### #.# #.. #.# #..
... #.. ### #.. ...
... .... #...


You could see Sigmund and a kobold.

Vanquished Creatures
  3 adders
  An ooze (D:2)
  3 worms
  5 orcs (D:3)
  10 goblins
  4 hobgoblins
  4 jackals (D:2)
  A ball python (D:1)
  7 bats
  3 frilled lizards (D:2)
  8 kobolds
  2 rats (D:1)
51 creatures vanquished.

Notes
Turn   | Place    | Note
-------+----------+-------------------------------------------
     0 | D:1      | Mrkan the Ghoul Monk began the quest for the Orb.
     0 | D:1      | Reached XP level 1. HP: 19/19 MP: 0/0
   235 | D:1      | Reached XP level 2. HP: 18/26 MP: 1/1
   867 | D:2      | Reached XP level 3. HP: 18/31 MP: 2/2
   903 | D:2      | Reached skill level 1 in Shields
  1258 | D:2      | Reached XP level 4. HP: 29/40 MP: 3/3
  2027 | D:3      | Noticed Sigmund
  2031 | D:3      | Slain by Sigmund

Levels and vault maps discovered:
D:1:      sevenhm_arrival_forest_fort_large_4, layout_loops_ring
D:2:      layout_loops_ring, st_stairs_12
D:3:      layout_loops_ring, chequers_ecumenical_altar_lobes, led_xom_imps,
          uniq_grinder, uniq_sigmund

Skill      XL: |  1  2  3  4 |
---------------+-------------+-----
Unarmed Combat | 4 |  4.7
Shields        | 1 |  1.5
Fighting       | 4 |  4.0
Dodging        | |  2.6
Stealth        | |  2.1

Action                   |  1- 3 |  4- 6 || total
-------------------------+-------+-------++-------
Melee: Unarmed           |    98 |    61 ||   159
  Use: Scroll            |     1 |     1 ||     2
 Stab: Sleeping          |     3 |       ||     3
  Eat: Chunk             |    14 |     2 ||    16
       Ration            |       |     1 ||     1
Armor: Robe              |    32 |     4 ||    36
Dodge: Dodged            |    71 |    27 ||    98
Block: Buckler           |    24 |     9 ||    33

Table legend:
 A = Non-vault XP
 B = Vault XP
 C = Vault XP percentage of total XP
 D = Non-vault monster count
 E = Vault monster count
 F = Vault count percentage of total count
                 A         B        C        D         E       F
            +---------+---------+-------+---------+---------+-------
      Total |     130 |       3 |   2.3 |      49 |       2 |   3.9
            +---------+---------+-------+---------+---------+-------
        D:1 |      19 |       0 |   0.0 |      13 |       0 |   0.0
        D:2 |      74 |       3 |   3.9 |      26 |       2 |   7.1
        D:3 |      37 |       0 |   0.0 |      10 |       0 |   0.0
            +---------+---------+-------+---------+---------+-------
